AoeStats
← nkz ; banhoul

Arabia

508109752Analyzed
2v2 RM · 11d ago on Sep 20, 2026· 24m 10s· 4 players
Game mode
Random Map
Map size
Medium (4 player)
Population
200
Speed
Normal
Resources
Standard
Victory
Conquest
Starting age
Dark Age
Ending age
Imperial Age
RankedLock teamsTeams togetherTeam positionsShared explorationLock speedFull tech treeHidden civsTurbo modeCheats
Victory
Defeat
🇦🇷 Mongols · Argentina
1033
+14
🇦🇷 Vietnamese · Argentina
892
+21
🇺🇸 Britons · United States
1000
-55
🇬🇧 Lithuanians · United Kingdom
985
-17
danesaxonwilson
2:50 Loom
18:46 Feudal Age
Redlikeblue
joaaco182
6:12 Loom
8:56 Feudal Age
nkz ; banhoul
9:19 Loom
11:11 Feudal Age
11:36 Double-Bit Axe
15:25 Gold Mining
15:19 Horse Collar
19:22 Fletching
22:16 Loom
24:31 Castle Age
Connection lost

Rejoining the realm…

Still unreachable

The connection could not be restored.

Session expired

The server has moved on; the page needs a fresh start.